 Dungeon Crawl Stone Soup version 0.30.1-3-gfc49f6343a (webtiles) character file.

Game seed: 1853711853573692539

218 spardeous the Conjurer (level 5, 0/38 HPs)
             Began as a Demigod Conjurer on Aug 7, 2023.
             Slain by an orc warrior
             ... wielding a +0 flail
              (15 damage)
             ... on level 4 of the Dungeon.
             The game lasted 00:03:31 (3503 turns).

spardeous the Conjurer (Demigod Conjurer)           Turns: 3503, Time: 00:03:32

Health: 0/38       AC:  5    Str:  8    XL:     5   Next: 36%
Magic:  2/13       EV: 11    Int: 24    God:
Gold:   306        SH:  0    Dex: 12    Spells: 4/11 levels left

rFire   . . .        m - +2 trident (venom)
rCold   . . .        (no shield)
rNeg    . . .        k - +0 leather armour
rPois   .            (no helmet)
rElec   .            i - +0 cloak
rCorr   .            (no gloves)
SInv    .            r - +0 pair of boots
Will    .....        (no amulet)
Stlth   ++           (no ring)
HPRegen 0.26/turn    (no ring)
MPRegen 0.13/turn

%: no passive effects
@: no status effects
A: high MP 1, forlorn, divine attributes
a: no special abilities


You were on level 4 of the Dungeon.
You visited 1 branch of the dungeon, and saw 4 of its levels.

You collected 306 gold pieces.

Inventory:

Hand Weapons
 m - a +2 trident of venom (weapon)
Armour
 i - a +0 cloak (worn)
 k - a +0 leather armour (worn)
 r - a +0 pair of boots (worn)
Magical Staves
 e - a staff of death
 f - a staff of poison
 l - a staff of cold
Jewellery
 u - a ring of fire
 w - a ring of fire
 x - a ring of resist corrosion
Wands
 n - a wand of paralysis (9)
Scrolls
 a - 2 scrolls of vulnerability {unknown}
 c - 5 scrolls of identify {unknown}
 d - a scroll of noise {unknown}
 g - 3 scrolls of teleportation {unknown}
 o - a scroll of fog {unknown}
 s - 2 scrolls of fear {unknown}
 v - a scroll of brand weapon {unknown}
Potions
 b - a potion of magic
 h - a potion of flight {unknown}
 j - a potion of ambrosia {unknown}
 p - a potion of brilliance {unknown}
 q - a potion of curing {unknown}
 t - a potion of attraction {unknown}


   Skills:
 - Level 1.7 Dodging
 - Level 1.7 Stealth
 + Level 3.7 Spellcasting
 + Level 5.1 Conjurations


You had 4 spell levels left.
You knew the following spells:

 Your Spells              Type           Power      Damage    Failure   Level
a - Magic Dart            Conj           100%       1d8       1%          1
b - Searing Ray           Conj           58%        2d6       2%          2
c - Iskenderun's Mystic   Conj/Tloc      16%        2d5       45%         4

Your spell library contained the following spells:

 Spells                   Type           Power      Damage    Failure   Level
 Apportation              Tloc           8%         N/A       14%         1
 Necrotise                Necr           16%        1d4       14%         1
 Summon Small Mammal      Summ           16%        N/A       14%         1
 Dazzling Flash           Conj/Hex       32%        N/A       16%         3
 Call Canine Familiar     Summ           4%         N/A       41%         3
 Summon Guardian Golem    Hex/Summ       4%         N/A       41%         3
 Fulminant Prism          Conj/Hex       8%         3d7       45%         4
 Passage of Golubria      Tloc           4%         N/A       82%         4
 Silence                  Hex/Air        2%         N/A       99%         5
 Lehudib's Crystal Spear  Conj/Erth      8%         10d3      100%        8


Dungeon Overview and Level Annotations

Branches:
Dungeon (4/15)
 Temple: D:4-7


Innate Abilities, Weirdness & Mutations

You have an increased reservoir of magic. (+10% MP)
You shall have no god before yourself.
Your divine heritage dramatically boosts your attributes as you level up.


Message History

You now have 8/13 mp.
Casting: Searing Ray (safe; 2% risk of failure)
Confirm with . or Enter, or press ? or * to list all spells.
Aiming: Searing Ray (safe; 2% risk of failure)
Press: ? - help, Shift-Dir - straight line, f/p - orc warrior
Aim: an orc warrior, wielding a +0 flail and wearing a +0 plate armour (heavily wounded, 79% to hit)
The searing ray hits the orc warrior.
The orc warrior is heavily wounded.
The searing ray hits the orc.
The orc is severely wounded. (Press . to maintain the ray.)
The orc warrior hits you with a +0 flail.
You take 5 damage, and have 33/38 hp.
You now have 6/13 mp.
The searing ray misses the orc warrior.
The searing ray hits the orc!
You kill the orc!
The orc warrior hits you with a +0 flail.
The orc barely misses you.
You take 3 damage, and have 30/38 hp.
You now have 5/13 mp.
The searing ray hits the orc warrior but does no damage.
The orc warrior is heavily wounded.
The orc warrior hits you with a +0 flail!
* * * LOW HITPOINT WARNING * * *
The orc hits you but does no damage.
You take 16 damage, and have 14/38 hp.
MASSIVE DAMAGE!!
Unknown command.
The searing ray hits the orc warrior!
The orc warrior is severely wounded.
You finish channelling your searing ray.
The orc warrior barely misses you. The orc barely misses you.
You now have 4/13 mp.
Casting: Searing Ray (safe; 2% risk of failure)
Confirm with . or Enter, or press ? or * to list all spells.
Aiming: Searing Ray (safe; 2% risk of failure)
Press: ? - help, Shift-Dir - straight line, f/p - orc warrior
Aim: an orc warrior, wielding a +0 flail and wearing a +0 plate armour (severely wounded, 79% to hit)
The searing ray hits the orc warrior but does no damage.
The orc warrior is severely wounded. (Press . to maintain the ray.)
The orc warrior hits you with a +0 flail!
You die...

######.######....# #.#
#...##.# ###..# #.#
#......########.## #.#
######........#<## #.# #
########....######.#####
####....#......... .
#....#.......##### .
#.###..####..##### ..
##@#...## ##.......
).### ########oo#.###
##....<...
#...####..o.<.)....#
#.........
#.)o...####)######
#....).... ######## ##.#
#......... ###..#
#......... #####...##
#......... #.....###
#......... ###.#####
##........


You could see an orc warrior and an orc.

Vanquished Creatures
  The ghost of Stellion the Firebug, an amateur DrFE (D:3)
  A scorpion simulacrum (D:3)
  4 adders
  A worm (D:4)
  3 dart slugs
  An adder simulacrum (D:3)
  6 orcs (D:4)
  5 ball pythons
  12 bats
  4 endoplasms
  5 goblins
  5 hobgoblins
  3 quokkas
  2 ball python simulacra (D:3)
  7 frilled lizards
  11 kobolds
  6 rats
77 creatures vanquished.

Notes
Turn   | Place    | Note
-------+----------+-------------------------------------------
     0 | D:1      | spardeous the Demigod Conjurer began the quest for the Orb.
     0 | D:1      | Reached XP level 1. HP: 14/14 MP: 5/5
   249 | D:1      | Reached XP level 2. HP: 20/20 MP: 3/7
   457 | D:1      | Reached skill level 4 in Conjurations
   901 | D:1      | Learned a level 2 spell: Searing Ray
   964 | D:2      | Reached XP level 3. HP: 24/26 MP: 2/9
  2250 | D:3      | Found a runed translucent gate.
  2251 | D:3      | Found a runed translucent gate.
  2251 | D:3      | Found a runed translucent gate.
  2359 | D:3      | Noticed Stellion's ghost (amateur DrFE)
  2602 | D:3      | Reached XP level 4. HP: 33/33 MP: 8/11
  2676 | D:3      | Killed Stellion's ghost
  2776 | D:3      | Reached skill level 5 in Conjurations
  2776 | D:3      | Reached XP level 5. HP: 38/38 MP: 10/13
  3436 | D:4      | Noticed an orc warrior
  3462 | D:3      | Learned a level 4 spell: Iskenderun's Mystic Blast
  3503 | D:4      | Slain by an orc warrior

Illustrated notes

Levels and vault maps discovered:
D:1:      dpeg_arrival_rooms_c, layout_basic, minmay_nonomino_d4
D:2:      layout_basic, shapermc_ecumenical_altar_starsandcircs,
          minmay_diced_spiral
D:3:      layout_rooms, marbit_many_paths, gammafunk_ghost_icy,
          kennysheep_generic_room_16
D:4:      layout_rooms, nicolae_nh_ransacked_shop, uniq_sigmund

Skill      XL: |  1  2  3  4 |
---------------+-------------+-----
Spellcasting   | 2 3 |  3.7
Conjurations   | 4 5 |  5.1
Dodging        | |  1.7
Stealth        | |  1.7

Action                     |  1- 3 |  4- 6 || total
---------------------------+-------+-------++-------
  Melee: Trident           |       |    12 ||    12
   Cast: Magic Dart        |    94 |    38 ||   132
         Searing Ray       |     1 |     8 ||     9
 Armour: Robe              |     3 |       ||     3
         Leather armour    |     2 |     3 ||     5
  Dodge: Dodged            |    11 |    17 ||    28
